 Dungeon Crawl Stone Soup version 0.28.0 (webtiles) character file.

Game seed: 9520694627254299350

41 SnakkuSnakku7 the Digger (level 3, 0/19 HPs)
             Began as a Tengu Earth Elementalist on Feb 9, 2022.
             Slain by a goblin (4 damage)
             ... on level 2 of the Dungeon.
             The game lasted 00:02:03 (1472 turns).

SnakkuSnakku7 the Digger (Tengu Earth Elementalist) Turns: 1472, Time: 00:02:04

Health: 0/19       AC:  2    Str:  8    XL:     3   Next: 52%
Magic:  6/7        EV: 12    Int: 17    God:
Gold:   74         SH:  0    Dex: 14    Spells: 5/6 levels left

rFire   . . .      SeeInvis .   a - +0 dagger
rCold   . . .      Faith    .   (no shield)
rNeg    . . .      Spirit   .   b - +0 robe
rPois   .          Reflect  .   (helmet restricted)
rElec   .          Harm     .   (no cloak)
rCorr   .          Rampage  .   (no gloves)
Will    .....                   (boots unavailable)
Stlth   ++........              (no amulet)
HPRegen 0.06/turn               (no ring)
MPRegen 0.10/turn               (no ring)

@: no status effects
A: beak, talons 3
a: no special abilities


You were on level 2 of the Dungeon.
You visited 1 branch of the dungeon, and saw 2 of its levels.

You collected 74 gold pieces.

Inventory:

Hand Weapons
 a - a +0 dagger (weapon)
Missiles
 c - 12 stones
Armour
 b - a +0 robe (worn)
Scrolls
 i - a scroll of teleportation {unknown}
 j - a scroll of fog {unknown}
Potions
 d - 2 potions of brilliance {unknown}
 e - a potion of flight {unknown}
 f - a potion of heal wounds {unknown}
 g - 2 potions of might {unknown}
 h - a potion of mutation {unknown}


   Skills:
 - Level 2.1 Dodging
 - Level 2.0 Stealth
 - Level 2.0 Spellcasting
 - Level 0.7 Transmutations
 + Level 3.3 Earth Magic


You had 5 spell levels left.
You knew the following spells:

 Your Spells              Type           Power      Damage    Failure   Level
a - Sandblast             Erth           26%        2d8       4%          1

Your spell library contained the following spells:

 Spells                   Type           Power      Damage    Failure   Level
 Passwall                 Tmut/Erth      6%         N/A       13%         2
 Stone Arrow              Conj/Erth      14%        3d7       28%         3
 Petrify                  Tmut/Erth      8%         N/A       63%         4


Dungeon Overview and Level Annotations

Branches:
Dungeon (2/15)

Altars:


Innate Abilities, Weirdness & Mutations

You have a beak for a mouth.
You have claws for feet.


Message History

i - a scroll labelled ATHRY OSYMID
j - a scroll labelled IRIXOXK EJARUE
Found a hand axe.
Found a robe.
You now have 74 gold pieces (gained 11).
Found a stone staircase leading down.
Done exploring.
Done exploring.
Done exploring.
Done exploring.
(D) Dungeon
Where to? (? - help)
There is a stone staircase leading down here.
You climb downwards.
There is a stone staircase leading up here.
A goblin is nearby!
Found 6 poisoned darts.
Found 16 gold pieces.
The goblin shouts!
You hear a shout! x2
A kobold comes into view. It is wielding a +0 short sword.
The goblin closely misses you.
You completely miss the goblin. Your peck misses the goblin.
The goblin hits you with a +0 dagger.
You are too injured to fight recklessly!
You are too injured to fight recklessly!
Aiming: Sandblast (safe; 4% risk of failure)
Press: ? - help, Q - select action, (/) - cycle Shift-Dir - straight line, f - goblin
Aim: a goblin, wielding a +0 dagger (74% to hit)
The blast of sand misses the goblin.
The goblin hits you with a +0 dagger.
Unknown command.
You barely miss the goblin. Your kick misses the goblin.
The goblin hits you with a +0 dagger.
You closely miss the goblin. The goblin hits you with a +0 dagger.
* * * LOW HITPOINT WARNING * * *
A jackal comes into view.
The jackal closely misses you.
There is a stone staircase leading up here.
The goblin hits you with a +0 dagger.
You die...

#.# #.# #.# #.#
#.# #.# # #.#
.## #@# ..#
#g####.#
#.##hK...## #
#.........#...#
#.#..#.....# #
#..###.#....#
#.## .# #..# ..
#$ .. ##. .#


You could see a jackal, a goblin and a kobold.

Vanquished Creatures
  2 dart slugs (D:1)
  5 bats (D:1)
  An endoplasm (D:1)
  2 giant cockroaches (D:1)
  4 goblins (D:1)
  2 hobgoblins (D:1)
  4 jackals (D:1)
  4 ball pythons (D:1)
  5 frilled lizards (D:1)
  2 kobolds (D:1)
  4 rats (D:1)
35 creatures vanquished.

Notes
Turn   | Place    | Note
-------+----------+-------------------------------------------
     0 | D:1      | SnakkuSnakku7 the Tengu Earth Elementalist began the quest
                  | for the Orb.
     0 | D:1      | Reached XP level 1. HP: 10/10 MP: 4/4
   549 | D:1      | Reached XP level 2. HP: 15/15 MP: 3/6
   826 | D:1      | Found a faded altar of an unknown god.
   852 | D:1      | Found a faded altar of an unknown god.
   902 | D:1      | Reached skill level 3 in Earth Magic
  1017 | D:1      | Reached XP level 3. HP: 14/19 MP: 5/7
  1472 | D:2      | Slain by a goblin

Illustrated notes

Levels and vault maps discovered:
D:1:      minmay_arrival_solitary_statue, layout_rooms,
          hellmonk_ecumenical_altar_the_god_not_taken, minmay_close_crescents
D:2:      layout_loops_ring, minmay_hexomino_r4

Skill      XL: |  1  2 |
---------------+-------+-----
Earth Magic    | 3 |  3.3
Dodging        | |  2.1
Stealth        | |  2.0
Spellcasting   | |  2.0
Transmutations | |  0.7

Action                   || total
-------------------------++-------
Melee: Dagger            ||    71
       Unarmed           ||     5
       Kick              ||    17
       Peck              ||    11
       Punch             ||     1
 Cast: Sandblast         ||    22
 Stab: Sleeping          ||     3
Armor: Robe              ||    11
Dodge: Dodged            ||    66
